[ AOE2 MATCH · #495810810 ]
UnrankedIncas vs Mongols
Player's team · LOSS
Rival team · WIN
[ REPLAY ANALYSIS · EXTRACTED FROM THE RECORDED GAME ]
Feudal
11:26
Castle
26:07
Imperial
—
| APM avg | 25.5 |
| APM peak | 65 |
| eAPM avg | 14.3 |
| Villagers / military | 54 / 30 |
Focus
⚔️ 39.6% · 🌾 60.4%
Unknown (2550) ×18 · Kamayuk ×14 · Spearman ×13 · Scorpion ×3
Feudal
10:31
Castle
23:11
Imperial
35:17
| APM avg | 43.1 |
| APM peak | 89 |
| eAPM avg | 16.8 |
| Villagers / military | 81 / 36 |
Focus
⚔️ 18.5% · 🌾 81.5%
Cavalry Archer ×28 · Scout Cavalry ×8 · Fishing Ship ×4
Match map
Initial resources + every placement click. Lines = walls · curves = elevation contours. ◆ gold · ⬟ stone · ● berries · ✦ relic · ◌ wall gap
Your base· Open — opponent sealed themselves in
Nexima's base· ✓ Closed at 23:11 · 33t walls · no gate
Smoothed initial terrain · ◌ = detected wall gap · hover for details
Inputs per minute
— @ DJ Colostomo - - Nexima
Build order — @ DJ Colostomo
First 150 of 178 actions detected
| 0:02 | Create | Villager (Male) |
| 0:03 | Build | House |
| 0:05 | Build | House |
| 0:07 | Create | Villager (Male) |
| 0:24 | Create | Villager (Male) |
| 0:28 | Create | Villager (Male) |
| 2:00 | Create | Villager (Male) |
| 2:11 | Create | Villager (Male) |
| 2:20 | Create | Villager (Male) |
| 2:37 | Build | Settlement |
| 2:49 | Create | Villager (Male) |
| 3:17 | Build | Palisade Wall |
| 3:42 | Create | Villager (Male) |
| 3:43 | Create | Villager (Male) |
| 3:43 | Create | Villager (Male) |
| 5:25 | Create | Villager (Male) |
| 5:29 | Create | Villager (Male) |
| 5:29 | Create | Villager (Male) |
| 6:38 | Create | Villager (Male) |
| 6:38 | Create | Villager (Male) |
| 7:12 | Build | Settlement |
| 7:20 | Create | Villager (Male) |
| 7:20 | Research | Loom |
| 8:06 | Build | Barracks |
| 9:11 | Create | Unit 2550 |
| 9:12 | Create | Unit 2550 |
| 9:16 | Research | Feudal Age |
| 9:45 | Create | Unit 2550 |
| 10:18 | Create | Unit 2550 |
| 10:32 | Build | Barracks |
| 10:35 | Build | House |
| 10:42 | Create | Unit 2550 |
| 11:00 | Create | Villager (Male) |
| 11:26 | Build | Palisade Gate |
| 11:26 | Age | Feudal Age |
| 11:27 | Build | Palisade Wall |
| 11:30 | Research | Double-Bit Axe |
| 11:50 | Build | Palisade Wall |
| 11:52 | Create | Villager (Male) |
| 11:59 | Create | Unit 2550 |
| 11:59 | Create | Spearman |
| 12:21 | Build | Settlement |
| 12:28 | Create | Villager (Male) |
| 12:39 | Create | Unit 2550 |
| 13:14 | Build | Blacksmith |
| 13:15 | Build | Palisade Wall |
| 13:34 | Create | Spearman |
| 13:37 | Create | Villager (Male) |
| 14:00 | Create | Villager (Male) |
| 14:33 | Build | Palisade Wall |
| 14:42 | Build | Farm |
| 14:44 | Build | Farm |
| 14:45 | Build | Farm |
| 14:46 | Build | Farm |
| 14:53 | Build | House |
| 14:54 | Build | Palisade Wall |
| 14:56 | Build | Palisade Wall |
| 15:00 | Build | Farm |
| 15:05 | Build | Farm |
| 15:06 | Build | Farm |
| 15:34 | Build | Farm |
| 15:40 | Create | Villager (Male) |
| 15:57 | Create | Spearman |
| 16:02 | Build | Palisade Gate |
| 16:04 | Build | Palisade Wall |
| 16:22 | Build | Palisade Wall |
| 16:24 | Build | Market |
| 16:26 | Build | House |
| 16:27 | Build | Palisade Wall |
| 16:29 | Create | Villager (Male) |
| 16:39 | Create | Villager (Male) |
| 16:41 | Create | Spearman |
| 16:42 | Create | Spearman |
| 17:20 | Build | Palisade Wall |
| 17:31 | Create | Villager (Male) |
| 17:31 | Create | Villager (Male) |
| 17:44 | Build | Palisade Wall |
| 17:56 | Build | Palisade Wall |
| 18:00 | Create | Villager (Male) |
| 18:03 | Create | Spearman |
| 18:03 | Create | Spearman |
| 18:35 | Create | Villager (Male) |
| 18:40 | Research | Scale Mail Armor |
| 18:43 | Research | Forging |
| 18:55 | Build | Palisade Gate |
| 19:09 | Create | Spearman |
| 19:09 | Create | Spearman |
| 19:25 | Research | Horse Collar |
| 19:31 | Create | Villager (Male) |
| 19:43 | Research | Tech 1402 |
| 19:44 | Research | Arson |
| 19:50 | Create | Villager (Male) |
| 20:27 | Create | Villager (Male) |
| 20:31 | Create | Villager (Male) |
| 20:51 | Build | Farm |
| 20:55 | Build | Farm |
| 21:01 | Build | Farm |
| 21:35 | Build | Farm |
| 21:37 | Create | Spearman |
| 21:37 | Create | Spearman |
| 22:29 | Create | Villager (Male) |
| 22:29 | Create | Villager (Male) |
| 22:54 | Build | Farm |
| 23:08 | Build | Farm |
| 23:27 | Research | Castle Age |
| 23:29 | Build | Farm |
| 23:32 | Create | Unit 2550 |
| 23:32 | Create | Unit 2550 |
| 24:00 | Create | Spearman |
| 24:00 | Create | Spearman |
| 24:01 | Create | Unit 2550 |
| 24:19 | Build | Settlement |
| 24:57 | Research | Stone Mining |
| 26:07 | Age | Castle Age |
| 26:16 | Build | House |
| 26:27 | Research | Squires |
| 26:29 | Research | Chain Mail Armor |
| 26:38 | Create | Villager (Male) |
| 26:56 | Build | Castle |
| 27:15 | Create | Unit 2550 |
| 27:15 | Create | Unit 2550 |
| 27:19 | Build | Farm |
| 27:20 | Create | Villager (Male) |
| 27:26 | Build | Watch Tower |
| 28:13 | Research | Fletching |
| 28:22 | Create | Villager (Male) |
| 28:22 | Create | Villager (Male) |
| 28:24 | Build | Farm |
| 29:03 | Create | Villager (Male) |
| 29:07 | Create | Villager (Male) |
| 29:12 | Build | Settlement |
| 29:19 | Build | Watch Tower |
| 29:26 | Create | Villager (Male) |
| 29:59 | Research | Tech 1351 |
| 30:03 | Build | Farm |
| 30:06 | Create | Villager (Male) |
| 30:46 | Create | Kamayuk |
| 30:46 | Create | Kamayuk |
| 30:48 | Create | Kamayuk |
| 30:48 | Create | Kamayuk |
| 31:13 | Create | Villager (Male) |
| 31:14 | Create | Villager (Male) |
| 31:36 | Research | Bodkin Arrow |
| 31:42 | Create | Villager (Male) |
| 31:46 | Build | Palisade Wall |
| 32:18 | Create | Villager (Male) |
| 32:21 | Build | Farm |
| 32:22 | Create | Kamayuk |
| 32:22 | Create | Kamayuk |
| 32:40 | Create | Villager (Male) |
Build order — Nexima
First 150 of 211 actions detected
| 0:01 | Create | Villager (Male) |
| 0:01 | Create | Villager (Male) |
| 0:01 | Create | Villager (Male) |
| 0:02 | Create | Villager (Male) |
| 0:02 | Build | House |
| 0:04 | Build | House |
| 1:30 | Create | Villager (Male) |
| 1:30 | Create | Villager (Male) |
| 1:46 | Build | Lumber Camp |
| 2:01 | Create | Villager (Male) |
| 2:01 | Create | Villager (Male) |
| 2:31 | Create | Villager (Male) |
| 2:31 | Create | Villager (Male) |
| 2:54 | Create | Villager (Male) |
| 2:54 | Create | Villager (Male) |
| 3:19 | Create | Villager (Male) |
| 3:19 | Create | Villager (Male) |
| 3:41 | Create | Villager (Male) |
| 3:41 | Create | Villager (Male) |
| 3:52 | Build | House |
| 4:07 | Create | Villager (Male) |
| 4:07 | Create | Villager (Male) |
| 4:16 | Build | Mill |
| 4:29 | Create | Villager (Male) |
| 4:30 | Create | Villager (Male) |
| 4:30 | Create | Villager (Male) |
| 4:36 | Create | Villager (Male) |
| 4:37 | Create | Villager (Male) |
| 4:55 | Create | Villager (Male) |
| 4:55 | Create | Villager (Male) |
| 4:55 | Create | Villager (Male) |
| 5:32 | Create | Villager (Male) |
| 5:32 | Create | Villager (Male) |
| 5:56 | Build | House |
| 6:02 | Create | Villager (Male) |
| 6:42 | Create | Villager (Male) |
| 6:42 | Create | Villager (Male) |
| 6:46 | Build | House |
| 7:11 | Build | Mining Camp |
| 7:28 | Create | Villager (Male) |
| 8:03 | Build | Dock |
| 8:15 | Research | Feudal Age |
| 8:45 | Build | Barracks |
| 8:54 | Research | Loom |
| 9:36 | Build | Palisade Wall |
| 9:56 | Create | Villager (Male) |
| 9:57 | Create | Villager (Male) |
| 10:03 | Build | House |
| 10:09 | Create | Fishing Ship |
| 10:31 | Age | Feudal Age |
| 10:34 | Build | Stable |
| 10:45 | Research | Double-Bit Axe |
| 11:10 | Build | House |
| 11:12 | Build | House |
| 11:18 | Create | Fishing Ship |
| 11:27 | Create | Scout Cavalry |
| 11:41 | Create | Villager (Male) |
| 11:41 | Create | Villager (Male) |
| 11:47 | Build | Farm |
| 11:48 | Build | Farm |
| 12:08 | Build | Lumber Camp |
| 12:13 | Create | Villager (Male) |
| 12:32 | Build | House |
| 12:41 | Build | House |
| 12:51 | Create | Villager (Male) |
| 12:52 | Create | Villager (Male) |
| 13:03 | Build | Palisade Wall |
| 13:10 | Create | Scout Cavalry |
| 13:30 | Create | Scout Cavalry |
| 13:45 | Create | Scout Cavalry |
| 13:53 | Build | Blacksmith |
| 13:56 | Create | Villager (Male) |
| 14:20 | Create | Scout Cavalry |
| 14:27 | Build | Farm |
| 14:33 | Build | Farm |
| 14:34 | Build | Farm |
| 14:40 | Build | Market |
| 14:49 | Build | Palisade Wall |
| 15:01 | Create | Villager (Male) |
| 15:03 | Create | Villager (Male) |
| 15:04 | Create | Scout Cavalry |
| 15:20 | Research | Scale Barding Armor |
| 15:45 | Build | Farm |
| 15:47 | Create | Villager (Male) |
| 15:57 | Build | Farm |
| 16:04 | Build | Farm |
| 16:05 | Build | Farm |
| 16:07 | Research | Horse Collar |
| 16:13 | Build | Farm |
| 16:13 | Build | Farm |
| 16:15 | Build | Farm |
| 16:24 | Build | Farm |
| 16:37 | Build | Farm |
| 16:38 | Build | Farm |
| 16:39 | Build | Farm |
| 16:46 | Build | House |
| 16:52 | Create | Scout Cavalry |
| 16:53 | Create | Scout Cavalry |
| 17:07 | Research | Bloodlines |
| 17:20 | Build | House |
| 17:21 | Build | House |
| 17:24 | Create | Villager (Male) |
| 17:25 | Create | Villager (Male) |
| 17:46 | Build | Palisade Wall |
| 18:02 | Create | Villager (Male) |
| 18:31 | Build | Farm |
| 18:33 | Create | Villager (Male) |
| 18:42 | Build | Farm |
| 18:43 | Build | Farm |
| 18:44 | Build | Farm |
| 18:53 | Create | Villager (Male) |
| 18:56 | Build | Farm |
| 19:19 | Build | Farm |
| 19:26 | Create | Fishing Ship |
| 19:26 | Create | Fishing Ship |
| 19:31 | Create | Villager (Male) |
| 19:32 | Create | Villager (Male) |
| 19:43 | Build | Farm |
| 19:45 | Build | Farm |
| 19:58 | Build | Farm |
| 20:31 | Research | Castle Age |
| 20:57 | Research | Fletching |
| 21:11 | Build | Archery Range |
| 22:18 | Build | Stable |
| 22:45 | Build | Archery Range |
| 22:52 | Build | Archery Range |
| 23:08 | Build | Mining Camp |
| 23:11 | Age | Castle Age |
| 23:14 | Create | Cavalry Archer |
| 23:15 | Create | Cavalry Archer |
| 23:15 | Create | Cavalry Archer |
| 23:15 | Create | Cavalry Archer |
| 23:25 | Create | Cavalry Archer |
| 23:25 | Create | Cavalry Archer |
| 23:25 | Create | Cavalry Archer |
| 23:25 | Create | Cavalry Archer |
| 23:37 | Research | Bodkin Arrow |
| 23:48 | Build | University |
| 24:08 | Research | Gold Mining |
| 24:17 | Build | Archery Range |
| 24:34 | Create | Villager (Male) |
| 24:34 | Create | Villager (Male) |
| 24:43 | Research | Ballistics |
| 25:59 | Create | Cavalry Archer ×5 |
| 26:08 | Build | Mill |
| 26:17 | Create | Villager (Male) |
| 26:17 | Create | Villager (Male) |
| 26:38 | Build | Palisade Gate |
| 26:44 | Create | Villager (Male) |
| 26:44 | Create | Villager (Male) |
Match timeline
| 3:17 | @ DJ Colostomo · wall_segment Palisade Wall x1 |
| 8:03 | Nexima · first_building Dock |
| 8:06 | @ DJ Colostomo · first_building Barracks |
| 8:45 | Nexima · first_building Barracks |
| 9:36 | Nexima · wall_segment Palisade Wall x1 |
| 10:31 | Nexima · age_up feudal |
| 10:34 | Nexima · first_building Stable |
| 11:26 | @ DJ Colostomo · age_up feudal |
| 11:27 | @ DJ Colostomo · wall_segment Palisade Wall x1 |
| 11:50 | @ DJ Colostomo · wall_segment Palisade Wall x8 |
| 13:03 | Nexima · wall_segment Palisade Wall x5 |
| 13:15 | @ DJ Colostomo · wall_segment Palisade Wall x1 |
| 14:33 | @ DJ Colostomo · wall_segment Palisade Wall x8 |
| 14:49 | Nexima · wall_segment Palisade Wall x1 |
| 14:54 | @ DJ Colostomo · wall_segment Palisade Wall x2 |
| 14:56 | @ DJ Colostomo · wall_segment Palisade Wall x2 |
| 16:04 | @ DJ Colostomo · wall_segment Palisade Wall x4 |
| 16:22 | @ DJ Colostomo · wall_segment Palisade Wall x5 |
| 16:27 | @ DJ Colostomo · wall_segment Palisade Wall x1 |
| 17:00 | Nexima · first_market_sell 100 wood |
| 17:01 | Nexima · first_market_buy 100 food |
| 17:20 | @ DJ Colostomo · wall_segment Palisade Wall x1 |
| 17:44 | @ DJ Colostomo · wall_segment Palisade Wall x11 |
| 17:46 | Nexima · wall_segment Palisade Wall x26 |
| 17:56 | @ DJ Colostomo · wall_segment Palisade Wall x1 |
| 18:27 | @ DJ Colostomo · first_market_sell 100 wood |
| 18:30 | @ DJ Colostomo · first_market_buy 100 food |
| 21:11 | Nexima · first_building Archery Range |
| 23:11 | Nexima · age_up castle |
| 26:07 | @ DJ Colostomo · age_up castle |
| 26:56 | @ DJ Colostomo · first_building Castle |
| 31:03 | Nexima · first_building Monastery |
| 31:46 | @ DJ Colostomo · wall_segment Palisade Wall x1 |
| 33:28 | @ DJ Colostomo · first_building Siege Workshop |
| 35:17 | Nexima · age_up imperial |
| 35:25 | @ DJ Colostomo · resign |
[ AI ANALYSIS · 1 CREDIT ]
What really happened in this match?
Wolo.gg analyzes every decision: build order, eco, micro, common mistakes by bracket. Personalized analysis on WhatsApp or Discord in 30 seconds.
Civ guide
Incas
Perfil
@ DJ Colostomo